General information
			 
			
        
        - name: talons
- type: Custom game
- host: Serbrendertome.
- saver: TALONSAREIMBA
 map: TurtleRock
- players: 2
- length: 16:18
- speed: Fast
- version: 1.23 W3XP
- replay type:  Public
 » download(76 KB)
Players
        team 1 (winner) 
              
               Serbrendertome.
Serbrendertome. (
pink | 152 APM | 2472 actions | 16:18)
              
 5 Death Knight
 5 Death Knight  3
 3 Death Coil
 2
 2 Unholy Aura
 5 Lich
 5 Lich  3
 3 Frost Nova
 2
 2 Frost Armor
 1 Dreadlord
 1 Dreadlord  1
 1 Sleep
                | Assign group hotkey | 57 |  | 
| Basic commands | 91 |  | 
| Build / train | 62 |  | 
| Enter build submenu | 16 |  | 
| Enter hero's abilities submenu | 12 |  | 
| Give item / drop item | 1 |  | 
| Right click | 1245 |  | 
| Select / deselect | 356 |  | 
| Select group hotkey | 560 |  | 
| Use ability | 72 |  | 
                2472 total
 » units 
                
                | Acolyte | 7 |  | 
| Ghoul | 2 |  | 
| Crypt Fiend | 14 |  | 
| Obsidian Statue | 4 |  | 
                27 total
 » upgrades
                
                | Creature Attack | 2 |  | 
| Destroyer Form | 1 |  | 
| Web | 1 |  | 
                4 total
 » buildings
                
                | Graveyard | 1 |  | 
| Crypt | 1 |  | 
| Altar of Darkness | 1 |  | 
| Ziggurat | 9 |  | 
| Tomb of Relics | 1 |  | 
| Halls of the Dead | 3 |  | 
| Black Citadel | 1 |  | 
| Slaughterhouse | 1 |  | 
| Spirit Tower | 2 |  | 
                20 total
 » build order
                00:05 Graveyard
00:07 Crypt
00:39 Altar of Darkness
00:57 Ziggurat
01:24 Tomb of Relics
02:00 Ziggurat
03:30 Halls of the Dead
03:30 Halls of the Dead
04:15 Ziggurat
05:54 Black Citadel
06:30 Slaughterhouse
07:26 Ziggurat
10:32 Ziggurat
11:13 Ziggurat
11:58 Ziggurat
12:59 Spirit Tower
13:44 Ziggurat
13:45 Ziggurat
14:47 Spirit Tower
» items
                
                | Rod of Necromancy | 1 |  | 
| Potion of Healing | 1 |  | 
| Orb of Corruption | 1 |  | 
| Scroll of Town Portal | 2 |  | 
                5 total
  team 2 (loser) 
              
               TALONSAREIMBA
TALONSAREIMBA (
blue | 128 APM | 2090 actions | 16:18)
              
 4 Death Knight
 4 Death Knight  2
 2 Death Coil
 2
 2 Unholy Aura
 3 Lich
 3 Lich  2
 2 Frost Nova
 1
 1 Frost Armor
 2 Dreadlord
 2 Dreadlord  1
 1 Sleep
 1
 1 Carrion Swarm
                | Assign group hotkey | 21 |  | 
| Basic commands | 8 |  | 
| Build / train | 55 |  | 
| ESC pressed | 1 |  | 
| Enter build submenu | 13 |  | 
| Enter hero's abilities submenu | 9 |  | 
| Give item / drop item | 1 |  | 
| Right click | 1169 |  | 
| Select / deselect | 381 |  | 
| Select group hotkey | 344 |  | 
| Use ability | 88 |  | 
                2090 total
 » units 
                
                | Acolyte | 3 |  | 
| Ghoul | 5 |  | 
| Crypt Fiend | 13 |  | 
| Frost Wyrm | 3 |  | 
                24 total
 » upgrades
                
                | Burrow | 1 |  | 
| Web | 1 |  | 
| Creature Carapace | 1 |  | 
                3 total
 » buildings
                
                | Crypt | 1 |  | 
| Graveyard | 1 |  | 
| Altar of Darkness | 1 |  | 
| Ziggurat | 5 |  | 
| Tomb of Relics | 1 |  | 
| Halls of the Dead | 3 |  | 
| Black Citadel | 1 |  | 
| Sacrificial Pit | 1 |  | 
| Boneyard | 1 |  | 
                15 total
 » build order
                00:04 Crypt
00:18 Graveyard
00:42 Altar of Darkness
00:58 Ziggurat
01:23 Tomb of Relics
02:01 Ziggurat
03:48 Halls of the Dead
03:48 Halls of the Dead
05:03 Ziggurat
06:15 Ziggurat
07:11 Black Citadel
08:23 Sacrificial Pit
09:44 Boneyard
10:32 Ziggurat
» items
                
                | Rod of Necromancy | 4 |  | 
| Potion of Mana | 1 |  | 
| Scroll of Town Portal | 3 |  | 
| Potion of Healing | 2 |  | 
| Orb of Corruption | 2 |  | 
                12 total
   Chat log
          (00:06 / All) TALONSAREIMBA: 160 apm
(00:09 / All) Serbrendertome.: lmao
(00:10 / All) TALONSAREIMBA: chekc it
(00:11 / All) Serbrendertome.: I dont even play this game
(00:15 / All) Serbrendertome.: and ur gonna lose
(00:17 / All) Serbrendertome.: lol talons
(00:20 / All) TALONSAREIMBA: I play it a lot too
(00:26 / All) Serbrendertome.: sure u do
(00:30 / All) Serbrendertome.: I see u in channels all the time
(00:30 / All) TALONSAREIMBA: faggot
(00:31 / All) TALONSAREIMBA: stfu
(00:32 / All) TALONSAREIMBA: nigger
(00:42 / All) Serbrendertome.: so ur gonna lose
(00:46 / All) Serbrendertome.: to someone who plays 1 game a month
(00:47 / All) TALONSAREIMBA: dk ghouls go
(00:49 / All) Serbrendertome.: u probably practice so much
(00:51 / All) TALONSAREIMBA: I HAVEN'T played
(00:54 / All) TALONSAREIMBA: in 3months
(00:59 / All) Serbrendertome.: no
(01:02 / All) Serbrendertome.: you wouldn't challenge me
(01:03 / All) Serbrendertome.: then
(01:06 / All) TALONSAREIMBA: no cuz ur bad
(01:06 / All) Serbrendertome.: you know I have a huge edge
(01:11 / All) TALONSAREIMBA: ur terrible
(01:16 / All) Serbrendertome.: is this
(01:17 / All) Serbrendertome.: a joke
(01:26 / All) TALONSAREIMBA: ur going to lose
(01:29 / All) Serbrendertome.: ur prob
(01:31 / All) Serbrendertome.: not even better than smerb
(01:33 / All) Serbrendertome.: and he attack moves
(01:34 / All) Serbrendertome.: his fiends
(01:35 / All) TALONSAREIMBA: u fuckin sux
(01:41 / All) Serbrendertome.: shut up
(01:43 / All) Serbrendertome.: shitty troll
(01:46 / All) TALONSAREIMBA: hehehe
(01:52 / All) Serbrendertome.: u probably
(01:52 / All) TALONSAREIMBA: is that what u tink'
(01:53 / All) Serbrendertome.: unsummoned
(01:58 / All) TALONSAREIMBA: yup
(02:03 / All) Serbrendertome.: rdy?
(02:08 / All) Serbrendertome.: ur supposed to say yes
(02:12 / All) TALONSAREIMBA: same thing
(02:13 / All) TALONSAREIMBA: lmao
(02:15 / All) Serbrendertome.: I hope
(02:18 / All) Serbrendertome.: ur doing something all in
(02:21 / All) Serbrendertome.: like cl ghouls
(02:24 / All) Serbrendertome.: ur only chance
(02:26 / All) TALONSAREIMBA: ur terible
(02:30 / All) TALONSAREIMBA: i dont need a gimmick
(03:03 / All) TALONSAREIMBA: lan qualikty host
(03:15 / All) Serbrendertome.: doesnt matter
(03:18 / All) Serbrendertome.: fiends vs feiends
(03:27 / All) TALONSAREIMBA: how did
(03:29 / All) TALONSAREIMBA: Wow
(04:04 / All) Serbrendertome.: terrible
(04:15 / All) TALONSAREIMBA: nice tp
(04:25 / All) TALONSAREIMBA: lmao
(07:49 / All) TALONSAREIMBA: dude u suck
(08:21 / All) Serbrendertome.: you're fucking
(08:24 / All) Serbrendertome.: hilarious
(13:04 / All) Serbrendertome.: do u even creep
(13:17 / All) TALONSAREIMBA: no
(13:23 / All) TALONSAREIMBA: just sit in base
(14:15 / All) TALONSAREIMBA: impressive
(16:10 / All) Serbrendertome.: its not
(16:11 / All) Serbrendertome.: even funny talons